 Dungeon Crawl Stone Soup version 0.31-a0-237-g2d982f9f85 (webtiles) character file.

Game seed: 13125509484930295534

65 ragingrage the Vexing (level 4, -1/34 HPs)
             Began as a Gnoll Hexslinger on July 11, 2023.
             Splashed by a jelly's acid (11 damage)
             ... on level 4 of the Dungeon.
             The game lasted 00:01:50 (2592 turns).

ragingrage the Vexing (Gnoll Hexslinger)            Turns: 2592, Time: 00:01:50

Health: -1/34      AC: -1    Str:  7    XL:     4   Next: 13%
Magic:  8/8        EV: 14    Int: 12    God:
Gold:   169        SH:  0    Dex: 17    Spells: 5/9 levels left

rFire   . . .        b - +1 hand axe (elec)
rCold   . . .        (no shield)
rNeg    . . .        c - +0 robe
rPois   +            (no helmet)
rElec   .            (no cloak)
rCorr   .            (no gloves)
SInv    .            (no boots)
Will    .....        (no amulet)
Stlth   ++           q - ring of poison resistance
HPRegen 0.25/turn    (no ring)
MPRegen 0.11/turn

%: no passive effects
@: corroded
A: fangs 1, strong nose, distributed training
a: no special abilities


You were on level 4 of the Dungeon.
You visited 1 branch of the dungeon, and saw 4 of its levels.

You collected 169 gold pieces.

Inventory:

Hand Weapons
 a - a +1 sling
 b - a +1 hand axe of electrocution (weapon)
Armour
 c - a +0 robe (worn)
Jewellery
 g - a ring of ice
 q - a ring of poison resistance (left hand)
Scrolls
 d - a scroll of revelation {unknown}
 f - a scroll of fog {unknown}
 h - a scroll of fear {unknown}
 i - a scroll of poison
 j - a scroll of blinking {unknown}
 m - 2 scrolls of teleportation {unknown}
 n - a scroll of enchant armour {unknown}
 o - 2 scrolls of identify {unknown}
Potions
 e - 3 potions of curing
 k - 2 potions of lignification {unknown}
 l - a potion of haste {unknown}
 p - 2 potions of heal wounds {unknown}
 r - a potion of brilliance {unknown}


   Skills:
 + Level 2.7 Fighting
 + Level 1.1 Short Blades
 + Level 1.1 Long Blades
 + Level 1.1 Axes
 + Level 1.1 Maces & Flails
 + Level 1.1 Polearms
 + Level 1.1 Staves
 + Level 4.6 Ranged Weapons
 + Level 1.1 Throwing
 + Level 1.1 Armour
 + Level 4.6 Dodging
 + Level 1.1 Stealth
 + Level 1.1 Shields
 + Level 1.1 Unarmed Combat
 + Level 3.0 Spellcasting
 + Level 0.8 Conjurations
 + Level 5.4 Hexes
 + Level 0.8 Summonings
 + Level 0.8 Necromancy
 + Level 0.8 Translocations
 + Level 0.8 Transmutations
 + Level 0.8 Fire Magic
 + Level 0.8 Ice Magic
 + Level 0.8 Air Magic
 + Level 0.8 Earth Magic
 + Level 0.8 Poison Magic
 + Level 1.2 Invocations
 + Level 1.1 Evocations


You had 5 spell levels left.
You knew the following spells:

 Your Spells              Type           Power      Damage    Failure   Level
a - Slow                  Hex            56%        N/A       2%          1
b - Summon Guardian Gole  Hex/Summ       9%         N/A       21%         3

Your spell library contained the following spells:

 Spells                   Type           Power      Damage    Failure   Level
 Summon Small Mammal      Summ           12%        N/A       17%         1
 Inner Flame              Hex/Fire       9%         N/A       21%         3
 Portal Projectile        Hex/Tloc       18%        N/A       21%         3
 Cause Fear               Hex            7%         N/A       26%         4
 Call Canine Familiar     Summ           3%         N/A       45%         3


Dungeon Overview and Level Annotations

Branches:
Dungeon (4/15)
 Temple: D:4-7

Altars:


Innate Abilities, Weirdness & Mutations

You have very sharp teeth.
Your uncanny sense of smell can sniff out nearby items.
Your experience applies equally to all skills.


Message History

(D) Dungeon
Where to? (Enter - D:3, ? - help)
There is a stone staircase leading up here.
There is a stone staircase leading down here.
An orc is nearby!
An orc is nearby!
An orc is nearby!
You shoot a sling bullet. The sling bullet barely misses the orc.
The orc shouts!
You shoot a sling bullet. The sling bullet hits the orc!
You kill the orc!
No target in view!
Done exploring.
No target in view!
No target in view!
Done exploring.
No target in view!
No target in view!
Done exploring.
No target in view!
(D) Dungeon
Where to? (Enter - D:4, ? - help)
You climb downwards.
There is a stone staircase leading up here.
A jelly is nearby!
A jelly is nearby!
A jelly is nearby!
You shoot a sling bullet. The sling bullet hits the jelly!
The jelly hits you. The acid corrodes you!
You are splashed with acid.
You hear the crackle of electricity.
b - a +1 hand axe of electrocution (weapon)
You hit the jelly.
Your hands burn!
The jelly hits you.
You are splashed with acid!
The jelly misses you.
You hit the jelly.
Your hands burn!
You bite the jelly, but do no damage. The jelly hits you.
The acid corrodes you!
You are splashed with acid!
* * * LOW HITPOINT WARNING * * *
It was a potion of curing.
You feel better. The jelly hits you.
* * * LOW HITPOINT WARNING * * *
You are splashed with acid!
You die...

### ..#
##.#######
........#
#.J.....#
#@......#
#######.#
∆


You could see a jelly.

Vanquished Creatures
  8 orcs (D:3)
  2 endoplasms
  3 giant cockroaches
  5 goblins
  6 hobgoblins
  8 jackals
  3 kobolds
  2 quokkas (D:3)
  A ball python (D:1)
  3 bats
  5 frilled lizards
  4 rats
50 creatures vanquished.

Notes
Turn   | Place    | Note
-------+----------+-------------------------------------------
     0 | D:1      | ragingrage the Gnoll Hexslinger began the quest for the
                  | Orb.
     0 | D:1      | Reached XP level 1. HP: 17/17 MP: 4/4
   210 | D:1      | Found a faded altar of an unknown god.
   365 | D:1      | Reached XP level 2. HP: 23/23 MP: 5/5
   905 | D:2      | Reached XP level 3. HP: 18/28 MP: 7/7
  1650 | D:3      | Reached skill level 1 in Invocations
  1774 | D:3      | Learned a level 3 spell: Summon Guardian Golem
  2031 | D:3      | Reached skill level 1 in Short Blades
  2031 | D:3      | Reached skill level 1 in Long Blades
  2031 | D:3      | Reached skill level 1 in Axes
  2031 | D:3      | Reached skill level 1 in Maces & Flails
  2031 | D:3      | Reached skill level 1 in Polearms
  2031 | D:3      | Reached skill level 1 in Staves
  2031 | D:3      | Reached skill level 1 in Throwing
  2031 | D:3      | Reached skill level 1 in Armour
  2031 | D:3      | Reached skill level 1 in Stealth
  2031 | D:3      | Reached skill level 1 in Shields
  2031 | D:3      | Reached skill level 1 in Unarmed Combat
  2031 | D:3      | Reached skill level 1 in Evocations
  2217 | D:3      | Reached XP level 4. HP: 34/34 MP: 8/8
  2592 | D:4      | Splashed by a jelly's acid

Illustrated notes

Levels and vault maps discovered:
D:1:      lemuel_arrival_hallway, layout_basic, serial_bayou,
          serial_bayou_pond_e, serial_bayou_shore_b, serial_bayou_pond_a,
          serial_bayou_pond_d, basic_ecumenical_altar, minmay_misc_feat_five
D:2:      layout_loops_ring, serial_bayou, serial_bayou_ford_a,
          serial_bayou_lake_a, serial_bayou_lagoon_a, serial_bayou_pond_c,
          due_unseen_surprise
D:3:      layout_basic
D:4:      layout_basic, trog_ov_bears_minmay, minmay_close_crescents,
          uniq_grinder, uniq_natasha

Skill      XL: |  1  2  3  4 |
---------------+-------------+-----
Invocations    | 1 |  1.2
Short Blades   | 1 |  1.1
Long Blades    | 1 |  1.1
Axes           | 1 |  1.1
Maces & Flails | 1 |  1.1
Polearms       | 1 |  1.1
Staves         | 1 |  1.1
Throwing       | 1 |  1.1
Armour         | 1 |  1.1
Stealth        | 1 |  1.1
Shields        | 1 |  1.1
Unarmed Combat | 1 |  1.1
Evocations     | 1 |  1.1
Spellcasting   | 3 |  3.0
Fighting       | |  2.7
Ranged Weapons | |  4.6
Dodging        | |  4.6
Conjurations   | |  0.8
Hexes          | |  5.4
Summonings     | |  0.8
Necromancy     | |  0.8
Translocations | |  0.8
Transmutations | |  0.8
Fire Magic     | |  0.8
Ice Magic      | |  0.8
Air Magic      | |  0.8
Earth Magic    | |  0.8
Poison Magic   | |  0.8

Action                     |  1- 3 |  4- 6 || total
---------------------------+-------+-------++-------
  Melee: Hand axe          |    83 |     2 ||    85
         Bite              |     4 |     1 ||     5
   Fire: Sling             |    53 |    16 ||    69
   Cast: Slow              |     3 |       ||     3
    Use: Potion            |       |     1 ||     1
 Armour: Robe              |    15 |     1 ||    16
  Dodge: Dodged            |    64 |     9 ||    73

Table legend: (Time is in decaauts)
 A = Elapsed time spent in this place.
 B = Non-inter-level travel time spent in this place.
 C = Inter-level travel time spent in this place.
 D = Time resting spent in this place.
 E = Time spent auto-exploring this place.
 F = Levels seen in this place.
 G = Mean time per level.
                   A        B        C        D        E       F      G
               +--------+--------+--------+--------+--------+-----+--------+
         Total |   2678 |   2545 |    133 |    147 |   2036 |   4 |  669.5 |
       Dungeon |   2678 |   2545 |    133 |    147 |   2036 |   4 |  669.5 |
               +--------+--------+--------+--------+--------+-----+--------+

Top non-repeatable levels by time:
     D:3: 1031 daAuts
     D:2: 914 daAuts
     D:1: 727 daAuts
     D:4: 5 daAuts
